 Dungeon Crawl Stone Soup version 0.21-a0-356-g45b0a09 (webtiles) character file.

37202 grizmgrazm2 the Unseen (level 13, -7/86 HPs)
             Began as a Vampire Enchanter on Oct 12, 2017.
             Was the Champion of Kikubaaqudgha.
             Mangled by a tentacled monstrosity (8 damage)
             ... on level 12 of the Dungeon.
             The game lasted 01:17:47 (21362 turns).

grizmgrazm2 the Unseen (Vampire Enchanter)         Turns: 21362, Time: 01:17:48

Health: -7/86      AC: 10    Str: 10    XL:     13   Next: 57%
Magic:  29/37      EV: 11    Int: 19    God:    Kikubaaqudgha [******]
Gold:   1040       SH: 11    Dex: 15    Spells: 3/34 levels left

rFire    . . .     SeeInvis +   G - +8 dagger (vamp)
rCold    + + .     Gourm    .   S - +3 buckler
rNeg     + + +     Faith    .   b - +1 robe
rPois    ∞         Spirit   .   E - +2 hat
rElec    .         Reflect  +   L - +0 cloak {+Inv}
rCorr    .         Harm     .   C - +0 pair of gloves
MR       ++...                  v - +2 pair of boots
Stlth    +++++++++.             m - +4 amulet of reflection
HPRegen  0.00/turn              R - ring of protection from magic
MPRegen  0.25/turn              r - ring of magical power

@: very slightly contaminated, bloodless, non-regenerating, constricted,
invisible
A: fangs 3, see invisible, unbreathing
a: Bat Form, Receive Corpses, Torment, Brand Weapon With Pain, Receive
Necronomicon, Renounce Religion


You were on level 12 of the Dungeon.
You worshipped Kikubaaqudgha.
Kikubaaqudgha was exalted by your worship.
You were bloodless.

You visited 2 branches of the dungeon, and saw 18 of its levels.
You also visited: Bailey.

You collected 1228 gold pieces.
You spent 188 gold pieces at shops.

Inventory:

Hand Weapons
 G - a +8 vampiric dagger (weapon)
Armour
 b - a +1 robe (worn)
 v - a +2 pair of boots (worn)
 C - a +0 pair of gloves (worn)
 E - a +2 hat (worn)
 F - a +0 cloak
 L - a +0 cloak of invisibility (worn)
 S - a +3 buckler (worn)
Jewellery
 j - an uncursed ring of protection from fire
 m - a +4 amulet of reflection (around neck)
 q - an uncursed ring of fire
 r - a ring of magical power (right hand)
 H - an uncursed ring of ice
 R - a ring of protection from magic (left hand)
Wands
 a - a wand of acid (8/15)
 l - a wand of acid (10/15)
 x - a wand of iceblast (0/15)
 y - a wand of paralysis (8/24)
 z - a wand of polymorph (7/24)
 I - a wand of random effects (21/48)
 J - a wand of acid (13/15)
 M - a wand of polymorph (16/24)
 P - a wand of confusion (20/48)
Scrolls
 d - a scroll of blinking
 e - 2 scrolls of fear
 g - 10 scrolls of remove curse
 k - 7 scrolls of teleportation
 A - 2 scrolls of brand weapon
 D - a scroll of amnesia
 N - 3 scrolls of identify
 T - 2 scrolls of fog
 X - a scroll of vulnerability {unknown}
Potions
 f - 4 potions of curing
 n - a potion of ambrosia
 o - a potion of resistance
 u - a potion of brilliance
 O - 3 potions of haste
 U - 8 potions of blood
Books
 c - a book of Maledictions

   Spells                             Type                      Level
   a - Corona                         Hexes                        1
   b - Ensorcelled Hibernation        Hexes/Ice                    2
   c - Confuse                        Hexes                        3
   d - Tukima's Dance                 Hexes                        3
   e - Dazzling Spray                 Conjuration/Hexes            3
 h - Boleiximi's Guide on the Glacial Traveller
   (You found it in a bailey)

   Spells                             Type                      Level
   a - Ozocubu's Armour               Charms/Ice                   3
   b - Force Lance                    Conjuration/Translocation    4
   c - Ice Form                       Ice/Transmutation            4
   d - Passage of Golubria            Translocation                4
 i - a book of Air

   Spells                             Type                      Level
   a - Shock                          Conjuration/Air              1
   b - Swiftness                      Charms/Air                   2
   c - Static Discharge               Conjuration/Air              3
   d - Airstrike                      Air                          4
   e - Lightning Bolt                 Conjuration/Air              5
 w - Kikubaaqudgha's Disquisition on Dark Secrets
   (You found it on level 6 of the Dungeon)

   Spells                             Type                      Level
   a - Animate Skeleton               Necromancy                   1
 B - Kikubaaqudgha's Volume of Black Rituals
   (Kikubaaqudgha gifted it to you on level 7 of the Dungeon)

   Spells                             Type                      Level
   a - Pain                           Necromancy                   1
   b - Corpse Rot                     Necromancy                   2
   c - Sublimation of Blood           Necromancy                   2
   d - Vampiric Draining              Necromancy                   3
   e - Control Undead                 Necromancy                   4
 K - Kikubaaqudgha's Incunabulum of Evil Rituals
   (Kikubaaqudgha gifted it to you on level 10 of the Dungeon)

   Spells                             Type                      Level
   a - Animate Dead                   Necromancy                   4
   b - Agony                          Necromancy                   5
   c - Dispel Undead                  Necromancy                   5
   d - Simulacrum                     Ice/Necromancy               6
   e - Death Channel                  Necromancy                   6
 Q - a book of Cantrips

   Spells                             Type                      Level
   a - Confusing Touch                Hexes                        1
   b - Animate Skeleton               Necromancy                   1
   c - Summon Small Mammal            Summoning                    1
   d - Apportation                    Translocation                1
 V - Ucsi Tuh's Compendium of the Flying Oath
   (You acquired it on level 12 of the Dungeon)

   Spells                             Type                      Level
   a - Dazzling Spray                 Conjuration/Hexes            3
   b - Deflect Missiles               Charms/Air                   6
   c - Darkness                       Hexes                        6
   d - Discord                        Hexes                        8
   e - Tornado                        Air                          9
 W - the Compendium of Scorching Stones
   (You acquired it on level 12 of the Dungeon)

   Spells                             Type                      Level
   a - Throw Flame                    Conjuration/Fire             2
   b - Inner Flame                    Hexes/Fire                   3
   c - Bolt of Magma                  Conjuration/Fire/Earth       5
   d - Lee's Rapid Deconstruction     Earth                        5


   Skills:
 + Level 3.2 Fighting
 + Level 6.6 Short Blades
 + Level 4.8 Dodging
 + Level 17.9 Stealth
 + Level 1.5 Shields
 + Level 11.3 Spellcasting
 + Level 14.9 Hexes
 * Level 7.3 Necromancy
 + Level 6.1 Ice Magic
 + Level 0.1 Evocations


You had 3 spell levels left.
You knew the following spells:

 Your Spells              Type           Power        Failure   Level  Hunger
a - Ensorcelled Hibernat  Hex/Ice        ######       1%          2    None
b - Confuse               Hex            ######..     1%          3    None
c - Tukima's Dance        Hex            ######..     1%          3    None
d - Animate Dead          Necr           N/A          4%          4    ##.....
e - Control Undead        Necr           #####.....   4%          4    ##.....
f - Dispel Undead         Necr           #####...     12%         5    ####...
g - Vampiric Draining     Necr           #####.....   1%          3    None
h - Apportation           Tloc           ##....       9%          1    None
i - Darkness              Hex            ######....   2%          6    ######.


Dungeon Overview and Level Annotations

Branches:
Dungeon (12/15)            Temple (0/1) D:7            Lair (6/6) D:11
  Swamp (0/4) Lair:4        Snake (0/4) Lair:2        Slime (0/5) Lair:5
    Orc (0/2) D:10

Altars:
Dithmenos
Elyvilon
Fedhas
Gozag
Hepliaklqana
Kikubaaqudgha
Makhleb
Okawaru
Qazlal
Ru
Sif Muna
Uskayaw
Vehumet
Xom
Zin
The Shining One
Jiyva

Shops:
D:4 (   D:6 *   D:8 }

Annotations:
Abyss:1 Harold


Innate Abilities, Weirdness & Mutations

You do not heal naturally.
You are immune to poison.
You have razor-sharp teeth.
You have supernaturally acute eyesight. (SInv)
You can survive without breathing.


Message History

The tentacled monstrosity tentacle-slaps you.
* * * LOW HITPOINT WARNING * * *
x2 The tentacled monstrosity constricts you!
You feel much better.
The tentacled monstrosity tentacle-slaps you.
* * * LOW HITPOINT WARNING * * *
The tentacled monstrosity tentacle-slaps you!
* * * LOW HITPOINT WARNING * * *
You block the tentacled monstrosity's attack.
* * * LOW HITPOINT WARNING * * *
The tentacled monstrosity constricts you.
You feel better.
The tentacled monstrosity tentacle-slaps you!
* * * LOW HITPOINT WARNING * * *
The tentacled monstrosity tentacle-slaps you.
* * * LOW HITPOINT WARNING * * *
The tentacled monstrosity tentacle-slaps you.
* * * LOW HITPOINT WARNING * * *
You die...
Kikubaaqudgha rasps: "You have failed me!
Welcome... oblivion!"

........####..###..#
........# ##...#..#
# #.......#
##.....##### #
#......##
##........###### #
##.....#
##.####.......#####
#.....## #.##
##...........
......# ####
#......######
≈≈≈≈..# #<###
##.....# ..(≈..#
##.#@## u##....## .
.(.≈..#
#.###X###.#.....##.
.>.≈.## ##.#
##.##.#.....#.#
≈≈≈≈(# ##.##
#....##....#.#
.....# #..#
#.###..##..##.###
####.# ##.## #3
##..##.#..# ^ # #((#
#..# ## #...#'#.## #
###.######.##
##.......###
.......##..#
##.........


You could see a tentacled monstrosity.

Vanquished Creatures
  Gastronok (D:8)
  An orc warlord (Bailey)
  3 hydras
  Fannar (D:11)
  A two-headed ogre (D:11)
  A death knight (D:12)
  Pikel (D:7)
  4 ugly things
  2 black mambas
  The ghost of WereVolvo the Charmwright, a novice GnSk (D:4)
  Psyche (D:8)
  A kobold demonologist (D:11)
  6 spiny frogs
  A freezing wraith (D:12)
  6 komodo dragons
  2 trolls
  6 blink frogs (Lair:6)
  4 hippogriffs
  36 yaks
  2 basilisks
  A wyvern (Lair:2)
  2 small abominations (D:12)
  3 hogs (D:7)
  A human (D:7)
  3 hungry ghosts
  2 vampire mosquitoes (D:12)
  A naga (Lair:2)
  A warg (D:10)
  2 swamp worms (Lair:4)
  7 water moccasins
  15 orc warriors
  10 porcupines
  3 sky beasts
  4 ice beasts
  2 necrophages
  3 phantoms
  An eye of draining (D:12)
  4 ogres
  3 black bears
  4 wolves (Lair:6)
  11 crocodiles
  19 bullfrogs
  Blork the orc (D:6)
  A gnoll sergeant (D:5)
  3 wyvern skeletons (D:10)
  A water moccasin skeleton (D:8)
  4 killer bees (D:10)
  2 scorpions (D:6)
  A wight (D:9)
  2 electric eels (D:11)
  7 howler monkeys
  3 crimson imps
  2 quasits
  2 centaur zombies
  A bullfrog zombie (D:7)
  6 hounds
  A bullfrog skeleton (D:5)
  4 jellies
  7 orc priests
  11 orc wizards
  3 centaur skeletons
  14 worker ants
  3 iguanas
  4 hound zombies
  A hound skeleton (D:8)
  A worker ant zombie (D:6)
  20 gnolls
  7 adders
  3 shadow imps
  An adder zombie (D:5)
  2 worms
  5 dart slugs
  7 leopard geckos
  57 orcs
  9 bats
  14 giant cockroaches
  19 goblins
  19 hobgoblins
  10 jackals
  8 kobolds
  4 quokkas
  3 ball pythons
  10 frilled lizards
  A jackal skeleton (D:7)
  7 rats
  A fungus (Lair:2)
475 creatures vanquished.

Vanquished Creatures (collateral kills)
  4 two-headed ogres
  An orc knight (Bailey)
  A centaur zombie (D:12)
  A spiny frog (Lair:4)
  A komodo dragon (Lair:4)
  A polar bear (Lair:3)
  A blink frog (Lair:6)
  2 wraiths (D:12)
  A wyvern (Lair:6)
  9 yaks
  A hungry ghost (D:11)
  2 swamp worms (Lair:4)
  3 nagas (Lair:2)
  A water moccasin (Lair:2)
  4 porcupines
  A black bear (D:11)
  3 orc warriors
  An ogre (D:11)
  4 bullfrogs
  A gnoll sergeant (D:11)
  8 wights
  2 electric eels
  A jelly (D:11)
  2 orc wizards (D:11)
  7 gnolls
  24 orcs
  6 goblins (Bailey)
  2 hobgoblins (Bailey)
95 creatures vanquished.

Vanquished Creatures (others)
  6 dancing weapons
  A big kobold (D:7)
  A bullfrog (D:7)
  An electric eel (D:7)
  2 hound skeletons (D:7)
  An orc (D:11)
  A quokka (D:6)
  2 kobolds (D:7)
  21 fungi
  22 plants
58 creatures vanquished.

Grand Total: 628 creatures vanquished

Notes
Turn   | Place    | Note
-------+----------+-------------------------------------------
     0 | D:1      | grizmgrazm2 the Vampire Enchanter began the quest for the Orb.
     0 | D:1      | Reached XP level 1. HP: 13/13 MP: 3/3
   570 | D:1      | Reached XP level 2. HP: 18/19 MP: 3/5
   580 | D:1      | Learned a level 2 spell: Ensorcelled Hibernation
   885 | D:1      | Reached skill level 5 in Hexes
  1073 | D:1      | Reached XP level 3. HP: 24/24 MP: 1/6
  1616 | D:2      | Found a sacrificial altar of Ru.
  1647 | D:2      | Found a blossoming altar of Fedhas.
  1857 | D:2      | Reached skill level 5 in Stealth
  1862 | D:2      | Learned a level 3 spell: Confuse
  2163 | D:2      | Reached XP level 4. HP: 20/30 MP: 4/8
  3167 | D:3      | Reached skill level 6 in Stealth
  3167 | D:3      | Reached XP level 5. HP: 32/36 MP: 4/9
  3245 | D:3      | Reached skill level 1 in Ice Magic
  3298 | D:3      | Found an iron altar of Okawaru.
  3329 | D:3      | Found a faded altar of an unknown god.
  3456 | D:3      | Found a stormy altar of Qazlal.
  3648 | D:3      | Found a white marble altar of Elyvilon.
  3738 | D:4      | Reached XP level 6. HP: 42/42 MP: 10/10
  3890 | D:4      | Noticed WereVolvo's ghost (novice GnSk)
  4055 | D:4      | Learned a level 3 spell: Tukima's Dance
  4080 | D:4      | Reached skill level 7 in Stealth
  4261 | D:4      | Killed WereVolvo's ghost
  4261 | D:4      | Reached skill level 1 in Fighting
  4261 | D:4      | Reached skill level 8 in Stealth
  4261 | D:4      | Reached XP level 7. HP: 47/48 MP: 8/12
  4391 | D:4      | Found Wejac Tots's Weapon Boutique.
  4663 | D:5      | Entered Level 5 of the Dungeon
  5481 | D:5      | Found a burning altar of Makhleb.
  5481 | D:5      | Found a glowing golden altar of the Shining One.
  5742 | D:5      | Reached XP level 8. HP: 34/54 MP: 6/14
  5994 | D:6      | Noticed Blork the orc
  6155 | D:6      | Killed Blork the orc
  6155 | D:6      | Reached skill level 9 in Stealth
  6157 | D:6      | Found Ixzionk's Assorted Antiques.
  6239 | D:6      | Bought a glowing emerald potion for 26 gold pieces
  6239 | D:6      | Bought a scroll labeled JOTIACZOLILE for 29 gold pieces
  6239 | D:6      | Bought 2 emerald potions for 52 gold pieces
  6239 | D:6      | Bought a scroll labeled JOTIACZOLILE for 29 gold pieces
  6239 | D:6      | Bought a glowing emerald potion for 26 gold pieces
  6239 | D:6      | Bought a coppery potion for 26 gold pieces
  6266 | D:6      | Found a shimmering altar of Xom.
  6470 | D:5      | Reached skill level 10 in Stealth
  6688 | D:6      | Reached skill level 5 in Spellcasting
  6798 | D:6      | Found a radiant altar of Vehumet.
  6802 | D:6      | Found an ancient bone altar of Kikubaaqudgha.
  6803 | D:6      | Found a deep blue altar of Sif Muna.
  6808 | D:6      | Identified Kikubaaqudgha's Disquisition on Dark Secrets
  6811 | D:6      | Became a worshipper of Kikubaaqudgha
  6821 | D:6      | Noticed a hand axe
  6821 | D:6      | Noticed a hand axe
  6822 | D:6      | Found a hide-covered altar of Uskayaw.
  7215 | D:7      | Found a hazy altar of Hepliaklqana.
  7226 | D:7      | Reached XP level 9. HP: 46/59 MP: 16/16
  7469 | D:7      | Reached skill level 11 in Stealth
  7626 | D:7      | Noticed Pikel
  7633 | D:7      | Killed Pikel
  7633 | D:7      | Reached skill level 10 in Hexes
  7830 | D:7      | Reached * piety under Kikubaaqudgha
  7830 | D:7      | Identified Kikubaaqudgha's Volume of Black Rituals (Kikubaaqudgha gifted it to you on level 7 of the Dungeon)
  7830 | D:7      | Received a gift from Kikubaaqudgha
  7830 | D:7      | Reached skill level 12 in Stealth
  7834 | D:7      | Reached XP level 10. HP: 43/67 MP: 18/19
  7843 | D:7      | Learned a level 4 spell: Control Undead
  7956 | D:7      | Noticed an angel
  7957 | D:7      | Found a glowing silver altar of Zin.
  7957 | D:7      | Found a shimmering altar of Xom.
  8417 | D:7      | Found a staircase to the Ecumenical Temple.
  8621 | D:8      | Learned a level 3 spell: Vampiric Draining
  8658 | D:8      | Found Jari Rang's Quality Used Wands.
  8661 | D:8      | Noticed Gastronok
  8786 | D:8      | Killed Gastronok
  8786 | D:8      | Reached skill level 5 in Short Blades
  8786 | D:8      | Reached skill level 13 in Stealth
  8929 | D:8      | Noticed Psyche
  8958 | D:8      | Killed Psyche
  9036 | D:8      | Found a shadowy altar of Dithmenos.
  9064 | D:8      | Noticed a two-headed ogre
  9077 | D:8      | Killed a two-headed ogre
  9287 | D:7      | Reached skill level 14 in Stealth
  9444 | D:9      | Reached ** piety under Kikubaaqudgha
  9871 | D:9      | Noticed a two-headed ogre
  9888 | D:9      | Killed a two-headed ogre
  9888 | D:9      | Reached XP level 11. HP: 66/74 MP: 18/22
 10517 | D:9      | Found an opulent altar of Gozag.
 10555 | D:10     | Entered Level 10 of the Dungeon
 10815 | D:10     | Noticed a two-headed ogre
 10828 | D:10     | Reached *** piety under Kikubaaqudgha
 10828 | D:10     | Identified Kikubaaqudgha's Incunabulum of Evil Rituals (Kikubaaqudgha gifted it to you on level 10 of the Dungeon)
 10828 | D:10     | Received a gift from Kikubaaqudgha
 10832 | D:10     | Killed a two-headed ogre
 11253 | D:10     | Found a staircase to the Orcish Mines.
 11454 | D:10     | Learned a level 4 spell: Animate Dead
 11460 | D:10     | Learned a level 5 spell: Dispel Undead
 11745 | D:11     | Reached skill level 15 in Stealth
 11870 | D:11     | Noticed a green ugly thing
 11885 | D:11     | Killed a green ugly thing
 11885 | D:11     | Reached skill level 1 in Necromancy
 12322 | D:11     | Noticed a five-headed hydra
 12345 | D:11     | Killed a five-headed hydra
 12353 | D:11     | Noticed Harold
 12386 | D:11     | Banished Harold
 12386 | D:11     | Reached skill level 5 in Ice Magic
 12410 | D:11     | Noticed a two-headed ogre
 12450 | D:11     | Reached **** piety under Kikubaaqudgha
 12478 | D:11     | Killed a two-headed ogre
 12729 | D:11     | Noticed a two-headed ogre
 12735 | D:11     | Killed a two-headed ogre
 12753 | D:11     | Found a staircase to the Lair.
 12816 | D:11     | Noticed Fannar
 12973 | D:11     | Killed Fannar
 13062 | D:11     | Noticed a purple ugly thing
 13130 | D:11     | Killed a purple ugly thing
 13418 | D:11     | Reached XP level 12. HP: 67/80 MP: 25/25
 13797 | Lair:1   | Entered Level 1 of the Lair of Beasts
 13922 | Lair:1   | Learned a level 1 spell: Apportation
 14075 | Lair:1   | Reached ***** piety under Kikubaaqudgha
 14666 | Lair:2   | Reached skill level 16 in Stealth
 15025 | Lair:2   | Found a staircase to the Snake Pit.
 15227 | Lair:2   | Reached skill level 10 in Spellcasting
 15622 | Lair:2   | Noticed an eight-headed hydra
 15631 | Lair:2   | Killed an eight-headed hydra
 16037 | Lair:3   | Reached skill level 5 in Necromancy
 16140 | Lair:3   | Noticed a four-headed hydra
 16165 | Lair:3   | Killed a four-headed hydra
 17413 | Lair:4   | Reached skill level 17 in Stealth
 17422 | Lair:4   | Found a staircase to the Swamp.
 17670 | Lair:4   | Reached XP level 13. HP: 86/86 MP: 27/27
 17925 | Lair:5   | Found a staircase to the Slime Pits.
 17925 | Lair:5   | Found a viscous altar of Jiyva.
 18425 | Lair:6   | Entered Level 6 of the Lair of Beasts
 19171 | D:12     | Found a flagged portal.
 19197 | Bailey   | Entered a bailey
 19425 | Bailey   | Reached ****** piety under Kikubaaqudgha
 19827 | Bailey   | Noticed an orc warlord
 19878 | Bailey   | Killed an orc warlord
 20135 | Bailey   | Reached skill level 1 in Shields
 20208 | Bailey   | Identified Boleiximi's Guide on the Glacial Traveller
 20262 | D:12     | Identified 2 scrolls of acquirement
 20262 | D:12     | Identified the Compendium of Scorching Stones (You acquired it on level 12 of the Dungeon)
 20263 | D:12     | Identified Ucsi Tuh's Compendium of the Flying Oath (You acquired it on level 12 of the Dungeon)
 20274 | D:12     | Learned a level 6 spell: Darkness
 20791 | D:12     | Found a runed door.
 21218 | D:12     | Noticed a tentacled monstrosity
 21346 | D:12     | Noticed a cyan very ugly thing
 21360 | D:12     | HP: 3/86 [tentacled monstrosity (7)]
 21362 | D:12     | HP: 1/86 [tentacled monstrosity (2)]
 21362 | D:12     | Mangled by a tentacled monstrosity

Vault maps used:
D:1:      dpeg_arrival_shrine
D:2:      minmay_roachtagon, lemuel_crystal_altar, minmay_hedge_maze,
          hangedman_ru_absence
D:3:      nicolae_overflow_crystal_walls, elyvilon_altar_4,
          chequers_ecumenical_altar_island, grunt_qazlal_clouds
D:4:      serial_shops, kennysheep_mini_moat, first_bread,
          minmay_misc_feat_plants, saegor_snake_ambush
D:5:      gammafunk_temple_overflow_elements
D:6:      grunt_temple_overflow_magic_moments, dancing_weapons_uskayaw,
          serial_shops, nicolae_shop_overgrown_old_shop, serial_park_tiny_pond,
          xom_teletrap_fun, uniq_blork_the_orc
D:7:      grunt_temple_overflow_order_and_chaos_1, lemuel_round_altar,
          minmay_temple_entry_nine_rooms, grunt_livestock, minmay_crystal_water,
          uniq_pikel, uniq_crazy_yiuf_cottage
D:8:      kennysheep_little_box, nicolae_for_you_no_charge, uniq_gastronok,
          uniq_psyche
D:9:      lemuel_round_altar, lightli_fourway_metalbox
D:10:     david_orc_3
D:11:     grunt_lair_entry_orc_guard_hut, nicolae_two_hexagons, uniq_harold,
          uniq_fannar
D:12:     cheibrodos_body_horror, enter_bailey_5
Lair:1:   serial_bayou_pond_b
Lair:2:   guppyfry_snake_entry_garden, lemuel_fruit_tree,
          infiniplex_staircase_pool_2, grunt_megastairs_3
Lair:3:   ldierk_geyser, serial_bayou_shore_b
Lair:4:   nicolae_swamp_entry_splash_gauntlet
Lair:5:   slime_altar_1
Lair:6:   due_jungle_book, bobbens_ice_dragon_lair, serial_bayou_shore_b
Bailey:   bailey_axe_minmay_hex_keep, bailey

Skill      XL: |  1  2  3  4  5  6  7  8  9 10 11 12 13 |
---------------+----------------------------------------+-----
Hexes          | 5 6 7 9 10 11 13 14 | 14.9
Stealth        | 5 6 8 10 12 14 15 17 | 17.9
Dodging        | 3 4 |  4.8
Ice Magic      | 1 2 3 4 5 6 |  6.1
Spellcasting   | 3 4 5 6 7 9 10 11 | 11.3
Short Blades   | 2 3 4 5 6 |  6.6
Fighting       | 1 2 3 |  3.2
Necromancy     | 4 6 7 |  7.3
Shields        | 1 |  1.5
Evocations     | |  0.1

Action                   |  1- 3 |  4- 6 |  7- 9 | 10-12 | 13-15 || total
-------------------------+-------+-------+-------+-------+-------++-------
Melee: Dagger            |   108 |   145 |   185 |   390 |   190 ||  1018
       Bite              |     5 |    22 |    13 |    34 |    13 ||    87
 Cast: Corona            |    13 |     1 |       |       |       ||    14
       Ensorcelled Hiber |    35 |    29 |    67 |   175 |   106 ||   412
       Confuse           |       |     9 |    23 |    69 |    38 ||   139
       Tukima's Dance    |       |       |    17 |    41 |    17 ||    75
       Vampiric Draining |       |       |       |     1 |       ||     1
       Animate Dead      |       |       |       |    48 |    21 ||    69
 Abil: End Transformatio |       |       |       |       |     1 ||     1
       Bat Form          |       |       |       |       |     1 ||     1
Evoke: Wand              |       |       |       |     7 |       ||     7
  Use: Scroll            |     5 |     6 |     4 |    20 |    12 ||    47
       Potion            |       |     6 |     4 |     8 |    15 ||    33
 Stab: Sleeping          |    39 |    31 |    47 |   138 |    87 ||   342
       Confused          |       |     6 |    14 |    35 |    11 ||    66
       Distracted        |       |       |       |     5 |     4 ||     9
  Eat: Corpse            |       |       |       |     2 |       ||     2
Armor: Robe              |    11 |    27 |    19 |    51 |    29 ||   137
Dodge: Dodged            |    75 |    75 |   123 |   216 |    98 ||   587
Block: Buckler           |       |       |       |     6 |   111 ||   117
       Reflection        |       |       |       |       |     3 ||     3

Table legend:
 A = Spawn XP
 B = Non-spawn XP
 C = Spawn XP percentage of total XP
 D = Spawn monster count
 E = Non-spawn monster count
 F = Spawn count percentage of total count
 G = Total turns spent on level
                    A         B        C        D         E        F      G
               +---------+---------+-------+---------+---------+-------+---------
         Total |       0 |   53146 |   0.0 |       0 |     570 |   0.0 | 21362
               +---------+---------+-------+---------+---------+-------+---------
           D:1 |       0 |      49 |   0.0 |       0 |      26 |   0.0 |  1471
           D:2 |       0 |     139 |   0.0 |       0 |      42 |   0.0 |  1735
           D:3 |       0 |     122 |   0.0 |       0 |      16 |   0.0 |   704
           D:4 |       0 |     658 |   0.0 |       0 |      15 |   0.0 |   753
           D:5 |       0 |     920 |   0.0 |       0 |      28 |   0.0 |  1740
           D:6 |       0 |     872 |   0.0 |       0 |      20 |   0.0 |   978
           D:7 |       0 |    3187 |   0.0 |       0 |      31 |   0.0 |  1456
           D:8 |       0 |    3824 |   0.0 |       0 |      28 |   0.0 |   582
           D:9 |       0 |    1990 |   0.0 |       0 |      27 |   0.0 |  1136
          D:10 |       0 |    2432 |   0.0 |       0 |      42 |   0.0 |  1146
          D:11 |       0 |    8006 |   0.0 |       0 |      56 |   0.0 |  2114
          D:12 |       0 |    5520 |   0.0 |       0 |      48 |   0.0 |  1224
        Lair:1 |       0 |    2448 |   0.0 |       0 |      17 |   0.0 |   780
        Lair:2 |       0 |    5955 |   0.0 |       0 |      33 |   0.0 |  1388
        Lair:3 |       0 |    4682 |   0.0 |       0 |      26 |   0.0 |  1016
        Lair:4 |       0 |    2785 |   0.0 |       0 |      16 |   0.0 |   947
        Lair:5 |       0 |    1363 |   0.0 |       0 |       4 |   0.0 |   580
        Lair:6 |       0 |    5005 |   0.0 |       0 |      26 |   0.0 |   577
        Bailey |       0 |    3189 |   0.0 |       0 |      69 |   0.0 |  1035
               +---------+---------+-------+---------+---------+-------+---------
